 Dungeon Crawl Stone Soup version 0.19.0-2-gae57169 (webtiles) character file.

574 hurricos the Charmwright (level 7, -2/50 HPs)
             Began as a Formicid Skald on Nov 6, 2016.
             Was an Initiate of Makhleb.
             Slain by an adder skeleton (4 damage)
             ... on level 4 of the Dungeon.
             The game lasted 00:05:29 (3494 turns).

hurricos the Charmwright (Formicid Skald)           Turns: 3494, Time: 00:05:30

Health: -2/50      AC:  5    Str: 16    XL:     7   Next: 61%
Magic:  3/11       EV: 11    Int: 14    God:    Makhleb [......]
Gold:   108        SH:  0    Dex: 10    Spells: 3 memorised, 5 levels left

rFire  . . .     SeeInvis +     a - +0 trident
rCold  . . .     Gourm    .     n - +2 robe {MR+}
rNeg   . . .     Faith    .     (no shield)
rPois  .         Spirit   .     (helmet unavailable)
rElec  .         Reflect  .     (no cloak)
rCorr  .         Harm     .     (no gloves)
MR     +....                    (no boots)
Stlth  ++........               (no amulet)
                                f - +1 ring of protection
                                h - ring of stealth

@: no status effects
A: permanent stasis, dig shafts and tunnels, four strong arms, antennae 3
a: Dig, Shaft Self, Renounce Religion


You were on level 4 of the Dungeon.
You worshipped Makhleb.
Makhleb was noncommittal.
You were very hungry.

You visited 1 branch of the dungeon, and saw 4 of its levels.

You collected 108 gold pieces.

Inventory:

Hand Weapons
 a - a +0 trident (weapon)
 i - a +0 spear
Armour
 b - a +1 leather armour
 n - a +2 robe of magic resistance (worn)
Jewellery
 f - a +1 ring of protection (right hand)
 g - an uncursed ring of positive energy
 h - a ring of stealth (left hand)
Wands
 o - a wand of polymorph (21/24)
Scrolls
 e - 8 scrolls of identify
 l - a scroll of recharging
Potions
 m - 2 potions of flight
Books
 c - a book of Battle

   Spells                             Type                      Level
   a - Infusion                       Charms                       1
   b - Shroud of Golubria             Charms/Translocation         2
   c - Song of Slaying                Charms                       2
   d - Spectral Weapon                Hexes/Charms                 3
   e - Regeneration                   Charms/Necromancy            3
Comestibles
 d - 2 bread rations
 k - 2 royal jellies
 s - a meat ration


   Skills:
 - Level 2.1 Fighting
 * Level 5.0 Polearms
 - Level 1.1 Armour
 - Level 0.8 Dodging
 - Level 2.8 Spellcasting
 - Level 5.2 Charms
 - Level 3.4 Necromancy


You had 5 spell levels left.
You knew the following spells:

 Your Spells              Type           Power        Failure   Level  Hunger
a - Infusion              Chrm           ###.         2%          1    #......
f - Regeneration          Chrm/Necr      ##........   12%         3    ###....
S - Song of Slaying       Chrm           ###.....     4%          2    ##.....


Dungeon Overview and Level Annotations

Branches:
Dungeon (4/15)
 Temple: D:4-7

Altars:
Makhleb
Zin


Innate Abilities, Weirdness & Mutations

You are under a permanent stasis effect.
You can dig through walls and to a lower floor.
Your four strong arms can wield two-handed weapons with a shield.
You have a pair of large antennae on your head. (SInv)


Message History

You kill Blork the orc!
Makhleb accepts your kill.
Your Polearms skill increases to level 5!
The adder skeleton bites you but does no damage.
You hit the adder skeleton.
The adder skeleton is lightly damaged.
The adder skeleton bites you.
* * * LOW HITPOINT WARNING * * *
You hit the adder skeleton.
The adder skeleton is heavily damaged.
The adder skeleton bites you but does no damage.
You closely miss the adder skeleton.
The adder skeleton is heavily damaged.
The adder skeleton bites you.
* * * LOW HITPOINT WARNING * * *
Okay, then.
You hit the adder skeleton.
The adder skeleton is heavily damaged.
The adder skeleton bites you.
You die...

#. .. #.. ##.. #.. ##..
#### #.. ##..####..###
#..Z##...........#
#..#.?...Z......#
#........#@.#####
##..$.o###..##.########
#.....##..........#<..#
#.....##.......(...#...+
.......
#...........'††.#
.....#.
##..........#...#
....##o #..........#...#
#..# ## ########..###+##
..# ####


You could see an adder skeleton.

Vanquished Creatures
  Grinder (D:3)
  Blork the orc (D:4)
  An orc priest (D:3)
  A centaur skeleton (D:4)
  Jessica (D:2)
  Ijyb (D:3)
  2 worker ants
  Natasha (D:3)
  5 adders
  An ooze (D:3)
  2 dart slugs (D:1)
  2 leopard geckos (D:3)
  4 orcs
  4 bats
  8 giant cockroaches
  8 goblins
  5 hobgoblins
  2 jackals (D:4)
  A quokka (D:3)
  5 frilled lizards
  5 kobolds
  8 rats
69 creatures vanquished.

Notes
Turn   | Place    | Note
-------+----------+-------------------------------------------
     0 | D:1      | hurricos the Formicid Skald began the quest for the Orb.
     0 | D:1      | Reached XP level 1. HP: 16/16 MP: 3/3
   194 | D:1      | Reached XP level 2. HP: 9/22 MP: 5/5
   488 | D:1      | Reached XP level 3. HP: 16/27 MP: 6/6
  1012 | D:2      | Learned a level 2 spell: Song of Slaying
  1016 | D:2      | Learned a level 3 spell: Regeneration
  1216 | D:2      | Noticed Jessica
  1226 | D:2      | Killed Jessica
  1226 | D:2      | Reached XP level 4. HP: 27/33 MP: 3/7
  2058 | D:3      | Reached skill level 5 in Charms
  2103 | D:3      | Reached XP level 5. HP: 30/38 MP: 0/9
  2116 | D:3      | HP: 2/57 [poisoned by a worker ant]
  2461 | D:3      | Noticed Ijyb
  2480 | D:3      | Killed Ijyb
  2480 | D:3      | Reached skill level 1 in Necromancy
  2550 | D:3      | Reached XP level 6. HP: 22/44 MP: 6/10
  2621 | D:3      | Found a faded altar of an unknown god.
  2621 | D:3      | Found a faded altar of an unknown god.
  2627 | D:3      | Found a glowing silver altar of Zin.
  2629 | D:3      | Found a faded altar of an unknown god.
  2630 | D:3      | Found a faded altar of an unknown god.
  2723 | D:3      | Noticed Grinder
  2761 | D:3      | Killed Grinder
  2761 | D:3      | Reached XP level 7. HP: 9/50 MP: 4/11
  2799 | D:3      | Noticed Natasha
  2810 | D:3      | Killed Natasha
  2814 | D:3      | Noticed Terence
  2821 | D:3      | Noticed Terence
  2821 | D:3      | Terence changed into Terence the ooze
  2824 | D:3      | Killed Terence the ooze
  2895 | D:3      | Found a burning altar of Makhleb.
  2895 | D:3      | Noticed a blizzard demon
  2898 | D:3      | Noticed a hellwing
  2898 | D:3      | Noticed a smoke demon
  2900 | D:3      | Became a worshipper of Makhleb the Destroyer
  3343 | D:4      | Noticed Blork the orc
  3490 | D:4      | Killed Blork the orc
  3490 | D:4      | Reached skill level 5 in Polearms
  3493 | D:4      | HP: 2/50 [adder skeleton (1)]
  3494 | D:4      | Slain by an adder skeleton

Skill      XL: |  1  2  3  4  5  6  7 |
---------------+----------------------+-----
Charms         | 4 5 |  5.2
Necromancy     | 1 3 |  3.4
Polearms       | 3 5 |  5.0
Fighting       | |  2.1
Armour         | |  1.1
Dodging        | |  0.8
Spellcasting   | |  2.8

Action                   |  1- 3 |  4- 6 |  7- 9 || total
-------------------------+-------+-------+-------++-------
Melee: Spear             |    98 |    75 |       ||   173
       Trident           |       |    59 |    78 ||   137
       Unarmed           |       |     2 |       ||     2
 Cast: Infusion          |     1 |    11 |     3 ||    15
       Song of Slaying   |       |     4 |     2 ||     6
       Regeneration      |       |       |     2 ||     2
Evoke: Wand              |       |       |     2 ||     2
  Use: Potion            |       |     8 |       ||     8
       Scroll            |       |     5 |       ||     5
 Stab: Sleeping          |       |     1 |     1 ||     2
  Eat: Bread ration      |       |     1 |       ||     1
       Chunk             |       |     1 |     3 ||     4
Armor: Leather armour    |    21 |       |       ||    21
       Robe              |       |    32 |    21 ||    53
       Skin              |       |     7 |       ||     7
Dodge: Dodged            |    38 |    64 |    34 ||   136
